 Dungeon Crawl Stone Soup version 0.26.1-11-gd32895ea62 (webtiles) character file.

Game seed: 10279894382669415077

119 Zeld the Sneak (level 4, -7/22 HPs)
             Began as a Spriggan Brigand on June 4, 2021.
             Killed by divine providence
             ... invoked by an orc priest
              (15 damage)
             ... on level 3 of the Dungeon.
             The game lasted 00:07:58 (5984 turns).

Zeld the Sneak (Spriggan Brigand)                   Turns: 5984, Time: 00:07:59

Health: -7/22      AC:  3    Str:  7    XL:     4   Next: 73%
Magic:  5/5        EV: 17    Int: 12    God:
Gold:   238        SH:  0    Dex: 18    Spells: 3/3 levels left

rFire    . . .     SeeInvis +   a - +2 dagger
rCold    . . .     Faith    .   (shield restricted)
rNeg     . . .     Spirit   .   b - +0 robe
rPois    .         Reflect  .   (helmet restricted)
rElec    .         Harm     .   c - +0 cloak
rCorr    .         Rampage  .   (gloves unavailable)
Will     .....                  (boots unavailable)
Stlth    +++.......             (no amulet)
HPRegen  0.07/turn              (no ring)
MPRegen  0.09/turn              (no ring)

@: very quick
A: very small, unfitting armour, see invisible, speed 3
a: no special abilities


You were on level 3 of the Dungeon.
You visited 1 branch of the dungeon, and saw 3 of its levels.

You collected 238 gold pieces.

Inventory:

Hand Weapons
 a - a +2 dagger (weapon)
Missiles
 d - 8 poisoned darts (quivered)
 e - 2 curare-tipped darts
Armour
 b - a +0 robe (worn)
 c - a +0 cloak (worn)
Jewellery
 g - an uncursed amulet of the acrobat {unknown}
 n - an uncursed ring of poison resistance {unknown}
Scrolls
 h - 3 scrolls of identify {unknown}
 j - 2 scrolls of enchant weapon {unknown}
 k - a scroll of blinking {unknown}
 l - a scroll of immolation {unknown}
 m - a scroll of fear {unknown}
 o - a scroll of noise {unknown}
 p - a scroll of amnesia {unknown}
 r - a scroll of teleportation {unknown}
 t - a scroll of remove curse {unknown}
 u - a scroll of fog {unknown}
 v - a scroll of enchant armour {unknown}
Potions
 f - a potion of haste
 i - a potion of brilliance {unknown}
 q - a potion of heal wounds {unknown}
 s - a potion of ambrosia {unknown}


   Skills:
 - Level 1.5 Fighting
 * Level 4.2 Short Blades
 * Level 3.7 Throwing
 - Level 1.5 Dodging
 - Level 5.8 Stealth


You had 3 spell levels left.
You didn't know any spells.
Your spell library was empty.

Dungeon Overview and Level Annotations

Branches:
Dungeon (3/15)

Altars:
The Shining One

Annotations:
D:2 Natasha, Terence
D:3 LordOGeese's ghost, amateur GrFi; Thatpatchoflichen's ghost, amateur KoMo


Innate Abilities, Weirdness & Mutations

You are very small and have problems with some larger weapons.
You are too small for most types of armour.
You have supernaturally acute eyesight. (SInv)
You cover ground extremely quickly.


Message History

The orc is heavily wounded.
The orc closely misses you.
You hit the orc.
You kill the orc!
Items here: )) ††.
You start waiting.
A frilled lizard is nearby!
A frilled lizard is nearby!
A frilled lizard is nearby!
The orc priest invokes the aid of Beogh against you.
Beogh smites you!
Ouch! That really hurt!
A kobold comes into view.
You are too injured to fight recklessly!
You are too injured to fight recklessly!
The frilled lizard hisses angrily.
The orc priest calls down the wrath of Beogh upon you.
Beogh smites you!
Ouch! That really hurt!
You die...

# #.l ..# #...# # #..
..# #...# # #..# #..#
#...# # #...#... #l..# #
#...o.. ###...####### ..
..oo #.....'......
#######'####.#......(...
........'...Ko...######.
#########!...###@# #
#....# #.# # ###### #)#
### #.# ..# #.# ..# #..
..# ..## ..# .## ..# ..


You could see an orc priest, a kobold and a frilled lizard.

Vanquished Creatures
  6 adders
  4 dart slugs
  2 orcs (D:3)
  2 bat zombies (D:1)
  3 giant cockroaches
  8 hobgoblins
  9 kobolds
  2 quokkas (D:2)
  8 bats
  2 frilled lizards
  4 goblins
  6 rats
56 creatures vanquished.

Notes
Turn   | Place    | Note
-------+----------+-------------------------------------------
     0 | D:1      | Zeld the Spriggan Brigand began the quest for the Orb.
     0 | D:1      | Reached XP level 1. HP: 10/10 MP: 2/2
   120 | D:1      | Reached XP level 2. HP: 11/14 MP: 3/3
  1072 | D:2      | Found a glowing golden altar of the Shining One.
  1085 | D:2      | Noticed Terence
  1710 | D:2      | Reached XP level 3. HP: 15/18 MP: 4/4
  1775 | D:2      | Noticed Natasha
  4033 | D:2      | Reached XP level 4. HP: 17/22 MP: 5/5
  5858 | D:3      | Found a runed translucent gate.
  5858 | D:3      | Found a runed translucent gate.
  5858 | D:3      | Found a runed translucent gate.
  5859 | D:3      | Noticed LordOGeese's ghost (amateur GrFi)
  5860 | D:3      | Noticed Thatpatchoflichen's ghost (amateur KoMo)
  5984 | D:3      | Killed from afar by an orc priest

Illustrated notes

Levels and vault maps discovered:
D:1:      saegor_arrival_fortress, layout_loops_ring, kennysheep_minor_cross
D:2:      layout_basic, lemuel_crystal_altar, uniq_natasha, uniq_terence
D:3:      layout_basic, general_overflow_altar, gammafunk_ghost_cemetery,
          kennysheep_generic_room_8

Skill      XL: |  1  2  3  4 |
---------------+-------------+-----
Short Blades   | 3 4 |  4.2
Throwing       | 3 |  3.7
Fighting       | |  1.5
Dodging        | |  1.5
Stealth        | |  5.8

Action                   |  1- 3 |  4- 6 || total
-------------------------+-------+-------++-------
Melee: Dagger            |   150 |    62 ||   212
 Stab: Sleeping          |    17 |     5 ||    22
Armor: Robe              |    23 |     6 ||    29
Dodge: Dodged            |    91 |    32 ||   123
